 Dungeon Crawl Stone Soup version 0.23-a0-402-g64599a1 (webtiles) character file.

36430 MisterFreud the Brawler (level 13, -2/127 HPs)
             Began as a Troll Hunter on Nov 4, 2018.
             Was a High Priest of Ru.
             Slain by a troll (6 damage)
             ... on level 2 of the Orcish Mines.
             The game lasted 00:55:18 (22522 turns).

MisterFreud the Brawler (Troll Hunter)             Turns: 22522, Time: 00:55:19

Health: -2/127     AC:  9    Str: 27    XL:     13   Next: 53%
Magic:  25/25      EV: 14    Int:  7    God:    Ru [*****.]
Gold:   1933       SH: 11    Dex: 10    Spells: 12/12 levels left

rFire    . . .     SeeInvis .     - Unarmed
rCold    . . .     Gourm    +   y - +0 shield
rNeg     . . .     Faith    +   d - +2 robe {rC+}
rPois    +         Spirit   .   G - +2 hat {MR+}
rElec    .         Reflect  .   (no cloak)
rCorr    .         Harm     .   (gloves unavailable)
MR       ++...                  (boots unavailable)
Stlth    ..........             b - amulet of faith
HPRegen  0.71/turn              L - ring of Immorality {+Inv rPois rC- MP+9 Stlth+}
MPRegen  0.19/turn              J - ring of protection from magic

@: about to teleport
A: large, unfitting armour, claws 3, fast metabolism 3, gourmand, low mp 1,
regeneration 1, shaggy fur 1, tough skin 2, no stealth, hated by all, no earth
magic, no hexes magic, no summoning magic, inexperienced 1
a: Draw Out Power, Power Leap, Apocalypse, Renounce Religion, Evoke Invisibility


You were on level 2 of the Orcish Mines.
You worshipped Ru.
Ru was extremely pleased with you.
You were very full.

You visited 4 branches of the dungeon, and saw 23 of its levels.

You collected 1933 gold pieces.

Inventory:

Missiles
 a - 532 stones
 c - 12 large rocks (quivered)
 j - 24 tomahawks
 o - 62 poisoned needles
 w - 7 javelins
Armour
 d - a +2 robe of cold resistance (worn)
 e - the +1 robe of Happiness {SInv}
   (You took it off a crimson imp on level 10 of the Dungeon)

   It lets you see invisible.
 i - a +0 troll leather armour
 y - a +0 shield (worn)
 G - a +2 hat of magic resistance (worn)
 P - +0 steam dragon scales
Jewellery
 b - an amulet of faith (around neck)
 J - a ring of protection from magic (right claw)
 L - the ring of Immorality (left claw) {+Inv rPois rC- MP+9 Stlth+}
   (You found it on level 3 of the Lair of Beasts)

   [ring of magical power]

   It makes you vulnerable to cold.
   It protects you from poison.
   It affects your magic capacity (+9).
   It lets you turn invisible.
   It makes you more stealthy.
 Q - a cursed ring of protection from cold {unknown}
 S - an uncursed ring of wizardry
Wands
 p - a wand of flame (63)
 v - a wand of paralysis (30)
 x - a wand of iceblast (19)
 D - a wand of polymorph (5)
 K - a wand of digging (2)
 O - a wand of random effects (24)
Scrolls
 q - 3 scrolls of enchant armour
 z - 4 scrolls of enchant weapon
 A - 5 scrolls of teleportation
 E - 11 scrolls of identify
 F - 3 scrolls of amnesia
 I - 5 scrolls of magic mapping
 M - a scroll of fear
 N - 5 scrolls of remove curse
Potions
 g - 2 potions of degeneration
 h - 2 potions of might
 k - 4 potions of resistance
 l - 2 potions of magic
 m - 2 potions of flight
 n - a potion of mutation
 r - 3 potions of haste
 s - 3 potions of agility
 t - 2 potions of ambrosia
 u - 2 potions of berserk rage
 B - 4 potions of cancellation
 C - 2 potions of brilliance
 H - 2 potions of curing
Comestibles
 f - 39 rations
 R - 2 chunks of flesh


   Skills:
 - Level 8.0 Fighting
 - Level 8.0 Throwing
 - Level 10.0 Dodging
 - Level 9.0 Shields
 + Level 15.0 Unarmed Combat
 - Level 8.0 Evocations


You had 12 spell levels left.
You didn't know any spells.
Your spell library contained the following spells:

 Spells                   Type           Power        Failure   Level  Hunger
 Sandblast                Erth           Unusable     N/A         1    N/A
 Passwall                 Tmut/Erth      Unusable     N/A         2    N/A
 Stone Arrow              Conj/Erth      Unusable     N/A         3    N/A
 Petrify                  Tmut/Erth      Unusable     N/A         4    N/A
 Lee's Rapid Deconstruct  Erth           Unusable     N/A         5    N/A

Dungeon Overview and Level Annotations

Branches:
Dungeon (14/15)            Temple (1/1) D:6            Lair (6/6) D:11
 Shoals (0/4) Lair:2        Snake (0/4) Lair:4        Slime (0/5) Lair:6
    Orc (2/2) D:10         Vaults (0/5) D:13
    Elf: Orc:2

Altars:
Ashenzari
Cheibriados
Dithmenos
Elyvilon
Fedhas
Gozag
Hepliaklqana
Kikubaaqudgha
Makhleb
Nemelex Xobeh
Okawaru
Qazlal
Ru
Sif Muna
Trog
Uskayaw
Vehumet
Wu Jian
Xom
Yredelemnul
Zin
The Shining One

Shops:
D:14 :   Orc:2 *

Annotations:
D:5 2 transporters, Thaneod's ghost, amateur DENe
Lair:1 exclusion: oklob plant
Lair:5 1 runed door, CLM's ghost, journeyman DsTm
Lair:6 1 runed door


Innate Abilities, Weirdness & Mutations

You are too large for most types of armour.
You have claws for hands.
Your metabolism is lightning-fast.
You like to eat raw meat.
Your magical capacity is low. (-10% MP)
Your natural rate of healing is unusually fast.
You are covered in fur. (AC +1)
You have very tough skin. (AC +2)
You cannot be stealthy.
You are hated by all.
You cannot study or cast Earth magic.
You cannot study or cast Hexes magic.
You cannot study or cast Summoning magic.
You are somewhat inexperienced. (-2 XL)


Message History

Unknown command.
Unknown command.
Unknown command.
Unknown command.
Unknown command.
Unknown command.
Unknown command.
Unknown command.
Okay, then.
Unknown command.
Unknown command.
Unknown command.
Unknown command.
Unknown command.
As you read the scroll of teleportation, it crumbles to dust.
You feel strangely unstable. The ogre completely misses you.
The troll bites you!
* * * LOW HITPOINT WARNING * * *
You block the troll's attack. The troll claws you.
You die...

####....#...............
##.#.#.................##
#.......................##
##...........)...........#
###.........)[..........#.
##.........).)..........
##.................$....
##....#.........<........
#........OOO@.O..........
##.......O.T............. ##
###.##.#....#...........
##.###....#.................
#....#.....#................
#......#....).....oo.......
###........(....#.........
###......#.$........
#..##.###.......


You could see a two-headed ogre, an ogre mage, a troll, 3 ogres and 2 orcs.

Vanquished Creatures
  Rupert (Lair:4)
  Gastronok (Lair:2)
  2 stone giants (Orc:1)
  Fannar (Lair:2)
  9 hydras
  An ogre mage (Orc:2)
  A centaur warrior (D:11)
  A catoblepas (Lair:5)
  A death yak (D:9)
  A two-headed ogre (D:13)
  An unseen horror (D:11)
  A wizard (D:13)
  A necromancer (D:9)
  A lindwurm (Lair:6)
  Pikel (D:10)
  A harpy (Lair:5)
  16 ugly things
  2 orc knights (Orc:1)
  A cyclops (D:13)
  2 manticores
  9 black mambas
  13 spiny frogs
  3 molten gargoyles (Lair:6)
  A torpor snail (Lair:6)
  3 rime drakes
  10 komodo dragons
  7 kobold demonologists
  8 trolls
  Grinder (D:4)
  12 blink frogs
  18 hippogriffs
  8 dream sheep
  3 wraiths
  47 yaks
  A vampire (D:9)
  Eustachio (D:6)
  6 basilisks
  5 wyverns
  A steam dragon (Lair:6)
  A hungry ghost (D:8)
  2 nagas (Lair:4)
  A warg (Orc:2)
  A soldier ant (D:12)
  10 water moccasins
  8 porcupines
  3 hell hounds (Lair:6)
  3 black bears
  An eye of draining (D:13)
  2 phantoms
  A sky beast (D:14)
  18 orc warriors
  5 ice beasts
  4 slaves (D:7)
  4 necrophages
  7 ogres
  10 wolves (Lair:2)
  11 centaurs
  18 crocodiles
  4 big kobolds
  17 bullfrogs
  A wyvern skeleton (D:11)
  3 scorpions
  9 wights
  2 electric eels (D:10)
  6 howler monkeys
  7 crimson imps
  5 lava snakes
  A bullfrog zombie (D:5)
  A quasit (D:10)
  6 jellies
  A centaur zombie (D:12)
  A bullfrog skeleton (D:10)
  5 hounds
  3 centaur skeletons
  17 orc priests
  5 iguanas
  Ijyb (D:3)
  21 orc wizards
  A yak simulacrum (D:9)
  3 polar bear simulacra (D:9)
  10 worker ants
  2 wolf simulacra (D:9)
  A worker ant zombie (D:5)
  Robin (D:3)
  11 adders
  3 gnolls (D:5)
  4 shadow imps
  10 oozes
  An adder skeleton (D:5)
  An adder zombie (D:6)
  2 worms (D:2)
  A dart slug (D:1)
  A leopard gecko (D:1)
  67 orcs
  5 giant cockroaches
  12 goblins
  12 hobgoblins
  4 jackals (D:3)
  7 quokkas
  A ball python (D:5)
  3 bats
  6 frilled lizards
  15 kobolds
  A leopard gecko skeleton (D:5)
  A leopard gecko zombie (D:8)
  A quokka skeleton (D:5)
  2 quokka zombies
  8 rats
  5 river rat simulacra (D:9)
  A plant (Lair:1)
632 creatures vanquished.

Vanquished Creatures (others)
  A komodo dragon (Lair:1)
  2 blink frogs (Lair:6)
  A yak (Lair:6)
  A hell hound (Lair:6)
  A porcupine (Lair:2)
  A wolf (Lair:2)
  A bullfrog (D:14)
  3 orcs
  A butterfly (Lair:6)
  32 fungi
  19 plants
  13 toadstools
76 creatures vanquished.

Grand Total: 708 creatures vanquished

Notes
Turn   | Place    | Note
-------+----------+-------------------------------------------
     0 | D:1      | MisterFreud the Troll Hunter began the quest for the Orb.
     0 | D:1      | Reached XP level 1. HP: 19/19 MP: 0/0
    64 | D:1      | Reached skill level 1 in Unarmed Combat
   215 | D:1      | Reached XP level 2. HP: 25/27 MP: 1/1
   467 | D:1      | Reached skill level 2 in Unarmed Combat
  1288 | D:2      | Reached XP level 3. HP: 30/33 MP: 2/2
  1323 | D:2      | Reached skill level 3 in Unarmed Combat
  1796 | D:3      | Reached XP level 4. HP: 38/41 MP: 3/3
  1813 | D:3      | Noticed a hippogriff
  1841 | D:3      | Killed a hippogriff
  1841 | D:3      | Reached skill level 5 in Unarmed Combat
  1841 | D:3      | Reached XP level 5. HP: 29/48 MP: 4/4
  1960 | D:3      | Noticed Ijyb
  1972 | D:3      | Killed Ijyb
  1972 | D:3      | Reached skill level 6 in Unarmed Combat
  1972 | D:3      | Reached XP level 6. HP: 55/55 MP: 5/5
  2037 | D:3      | Noticed Robin
  2052 | D:3      | Killed Robin
  2756 | D:4      | Reached skill level 7 in Unarmed Combat
  2777 | D:4      | Noticed Grinder
  2790 | D:4      | Killed Grinder
  2790 | D:4      | Reached XP level 7. HP: 48/62 MP: 6/6
  2793 | D:4      | Found a glowing golden altar of the Shining One.
  2798 | D:4      | Found a basalt altar of Yredelemnul.
  2800 | D:4      | Noticed a profane servitor
  2803 | D:4      | Reached skill level 8 in Unarmed Combat
  2936 | D:4      | Found a bloodstained altar of Trog.
  2967 | D:4      | Found a shadowy altar of Dithmenos.
  3241 | D:4      | Noticed an angel
  3298 | D:5      | Entered Level 5 of the Dungeon
  3411 | D:5      | Found a transporter.
  3412 | D:5      | Noticed Thaneod's ghost (amateur DENe)
  3500 | D:5      | Reached XP level 8. HP: 59/70 MP: 7/7
  3511 | D:5      | Found a transporter.
  3517 | D:5      | Found a white marble altar of Elyvilon.
  3687 | D:5      | Found an ancient bone altar of Kikubaaqudgha.
  3748 | D:5      | Reached skill level 9 in Unarmed Combat
  4572 | D:6      | Reached skill level 5 in Dodging
  4656 | D:6      | Reached skill level 10 in Unarmed Combat
  4690 | D:6      | Reached XP level 9. HP: 76/76 MP: 8/8
  4724 | D:6      | Noticed Eustachio
  4735 | D:6      | Killed Eustachio
  5148 | D:6      | Found a staircase to the Ecumenical Temple.
  5203 | Temple   | Entered the Ecumenical Temple
  5780 | D:7      | Noticed Pikel
  6612 | D:8      | Reached skill level 1 in Evocations
  6834 | D:8      | Found a blossoming altar of Fedhas.
  6964 | D:8      | Found a hide-covered altar of Uskayaw.
  6970 | D:8      | Found a stormy altar of Qazlal.
  7196 | D:9      | Reached XP level 10. HP: 75/85 MP: 11/11
  7250 | D:9      | Found a radiant altar of Vehumet.
  7273 | D:9      | Noticed a necromancer
  7284 | D:9      | Killed a necromancer
  7447 | D:9      | HP: 3/85 [something (2)]
  7632 | D:9      | Found a sacrificial altar of Ru.
  7645 | D:9      | Became a worshipper of Ru the Awakened
  7894 | D:9      | Reached skill level 5 in Evocations
  7928 | D:9      | Noticed a death yak
  7950 | D:9      | Killed a death yak
  7950 | D:9      | Reached skill level 5 in Throwing
  8663 | D:9      | Reached XP level 11. HP: 17/92 MP: 13/13
  8818 | D:9      | Found an opulent altar of Gozag.
  8901 | D:10     | Entered Level 10 of the Dungeon
  9001 | D:10     | Killed Pikel
  9241 | D:10     | Gained mutation: You cannot be stealthy. [Ru sacrifice]
  9969 | D:10     | Reached skill level 5 in Fighting
 10030 | D:10     | Noticed a three-headed hydra
 10042 | D:10     | Killed a four-headed hydra
 10107 | D:10     | Identified the +1 robe of Happiness {SInv}
 10246 | D:10     | Found a staircase to the Orcish Mines.
 10286 | D:11     | Noticed an unseen horror
 10302 | D:11     | Killed an unseen horror
 10389 | D:11     | Found a staircase to the Lair.
 10399 | D:11     | Noticed a centaur warrior
 10413 | D:11     | Killed a centaur warrior
 11036 | Lair:1   | Entered Level 1 of the Lair of Beasts
 11116 | Lair:1   | Reached XP level 12. HP: 110/118 MP: 14/14
 11185 | Lair:1   | Gained mutation: You are hated by all. [Ru sacrifice]
 11185 | Lair:1   | Reached * piety under Ru
 11185 | Lair:1   | Reached ** piety under Ru
 11535 | Lair:1   | Noticed a five-headed hydra
 11540 | Lair:1   | Killed a five-headed hydra
 11862 | Lair:1   | Reached skill level 10 in Dodging
 12044 | Lair:1   | You fall through a shaft!
 12118 | Lair:2   | Noticed an eight-headed hydra
 12138 | Lair:2   | Killed an eight-headed hydra
 12138 | Lair:2   | Reached skill level 11 in Unarmed Combat
 12157 | Lair:2   | Noticed Fannar
 12176 | Lair:2   | HP: 3/119 [Fannar/uncursed staff of cold (15)]
 12176 | Lair:2   | HP: 1/119 [wolf (2)]
 12344 | Lair:2   | Noticed an eight-headed hydra
 12351 | Lair:2   | Killed an eight-headed hydra
 12363 | Lair:2   | Killed Fannar
 12364 | Lair:2   | Found a staircase to the Shoals.
 12428 | Lair:2   | Reached skill level 12 in Unarmed Combat
 12743 | Lair:2   | Noticed Gastronok
 13146 | Lair:2   | Killed Gastronok
 13146 | Lair:2   | Reached XP level 13. HP: 127/127 MP: 15/15
 13317 | Lair:2   | Reached skill level 13 in Unarmed Combat
 13691 | Lair:3   | Got a vibrating marble ring
 13693 | Lair:3   | Identified the ring of Immorality {+Inv rPois rC- MP+9
                  | Stlth+} (You found it on level 3 of the Lair of Beasts)
 13876 | Lair:3   | Gained mutation: Your magical capacity is low. (-10% MP)
                  | [Ru sacrifice]
 13876 | Lair:3   | Reached *** piety under Ru
 14652 | Lair:4   | Found a staircase to the Snake Pit.
 14705 | Lair:4   | Noticed Rupert
 14716 | Lair:4   | Killed Rupert
 16208 | Lair:5   | Reached skill level 14 in Unarmed Combat
 16307 | Lair:5   | Found a runed door.
 16461 | Lair:5   | Reached skill level 1 in Shields
 16489 | Lair:5   | Noticed CLM's ghost (journeyman DsTm)
 16660 | Lair:5   | Gained mutation: You cannot study or cast Earth magic. [Ru
                  | sacrifice]
 16660 | Lair:5   | Gained mutation: You cannot study or cast Hexes magic. [Ru
                  | sacrifice]
 16660 | Lair:5   | Gained mutation: You cannot study or cast Summoning magic.
                  | [Ru sacrifice]
 16822 | Lair:6   | Entered Level 6 of the Lair of Beasts
 17276 | Lair:6   | Found a dark tunnel.
 17958 | Lair:6   | Reached XP level 14. HP: 111/136 MP: 17/17
 17996 | Lair:6   | Found a staircase to the Slime Pits.
 18055 | Lair:6   | Found a large runed door.
 18436 | Lair:6   | Reached skill level 5 in Shields
 18505 | Lair:6   | Found a large runed door.
 19604 | D:12     | Gained mutation: You are somewhat inexperienced. (-2 XL)
                  | [Ru sacrifice]
 19604 | D:12     | Reached XP level 13. HP: 127/127 MP: 25/25
 19604 | D:12     | Reached XP level 12. HP: 119/119 MP: 24/24
 19604 | D:12     | Reached **** piety under Ru
 19604 | D:12     | Reached ***** piety under Ru
 19859 | D:13     | Noticed a two-headed ogre
 19866 | D:13     | Killed a two-headed ogre
 20018 | D:13     | HP: 1/119 [red devil/trident[a kobold demonologist] (17)]
 20212 | D:13     | Found a gate to the Vaults.
 20886 | D:14     | Noticed a centaur warrior
 20888 | D:14     | Noticed a two-headed ogre
 20969 | D:14     | Found Weogocot's Book Boutique.
 21021 | D:14     | Reached XP level 13. HP: 87/127 MP: 16/16
 21577 | Orc:1    | Entered Level 1 of the Orcish Mines
 21897 | Orc:1    | Noticed a stone giant
 21915 | Orc:1    | Killed a stone giant
 22019 | Orc:1    | Noticed a stone giant
 22045 | Orc:1    | Killed a stone giant
 22163 | Orc:2    | Entered Level 2 of the Orcish Mines
 22163 | Orc:2    | Found Meomuor's General Store.
 22443 | Orc:2    | Reached skill level 15 in Unarmed Combat
 22522 | Orc:2    | HP: 4/127 [troll (12)]
 22522 | Orc:2    | Slain by a troll

Vault maps used:
D:1:      lightli_arrival_lavapool, serial_forest, infiniplex_forest_straight_2,
          infiniplex_forest_straight_3, infiniplex_forest_end_3,
          infiniplex_forest_clump_large, infiniplex_forest_clump_small,
          roderic_lattice_a, chequers_serial_rivers_small_3
D:2:      minmay_gold_behind_fungi
D:3:      cheibrodos_fertilizer, uniq_robin, uniq_ijyb
D:4:      grunt_temple_overflow_holy_war, grunt_temple_overflow_open,
          uniq_grinder
D:5:      minmay_diamond_boxcup, lemuel_crystal_altar, lemuel_doored_altar,
          gammafunk_ghost_stat_death, first_ration
D:6:      minmay_temple_entry_nine_rooms, uniq_eustachio
D:7:      uniq_pikel
D:8:      black_bear_nest_2, nicolae_overflow_crystal_walls,
          amethyst_overflow_temple_binary
D:9:      argonaut_augean_stables, lemuel_round_altar, lemuel_round_altar,
          nicolae_ru_sacrificial_ziggurat, eino_house_with_fridge
D:10:     erik_orc_2, hangedman_ranch, kennysheep_generic_room_16
D:11:     lair_entry_dummy
D:13:     david_vaults_1
D:14:     hangedman_abyss_or_decor_slice, serial_shops,
          nicolae_shop_competitors_out_of_business,
          portal_ice_cave_demonic_guard
Temple:   jpeg_temple_alley_garden
Lair:1:   grunt_megastairs_5, infiniplex_staircase_pool,
          minmay_lair_oklob_chamber
Lair:2:   minmay_shoals_entry_beasts, uniq_fannar, uniq_gastronok
Lair:4:   guppyfry_snake_entry_island, uniq_rupert
Lair:5:   gammafunk_ghost_grave, lemuel_another_geyser, lemuel_fruit_fields
Lair:6:   cheibrodos_lair_end_hotspot, nicolae_slime_entry_slimehenge,
          nicolae_volcano_entry_s_turn, st_stairs_6, serial_bayou_shore_b
Orc:2:    st_orc_open

Skill      XL: |  1  2  3  4  5  6  7  8  9 10 11 12 13 14 |
---------------+-------------------------------------------+-----
Unarmed Combat | 1 2 3 5 6 7 8 10 12 15 | 15.0
Dodging        | 3 5 8 9 10 | 10.0
Evocations     | 3 5 8 |  8.0
Throwing       | 7 8 |  8.0
Fighting       | 7 8 |  8.0
Shields        | 8 9 7 |  9.0

Action                   |  1- 3 |  4- 6 |  7- 9 | 10-12 | 13-15 || total
-------------------------+-------+-------+-------+-------+-------++-------
Melee: Unarmed           |    90 |   126 |   355 |   837 |   699 ||  2107
       Punch             |       |     3 |    11 |    49 |    37 ||   100
Throw: Large rock        |       |     1 |       |    14 |     2 ||    17
       Throwing net      |       |       |       |     3 |       ||     3
Invok: Sacrifice Stealth |       |       |       |     1 |       ||     1
       Sacrifice Love    |       |       |       |     1 |       ||     1
       Sacrifice Experie |       |       |       |     1 |       ||     1
       Apocalypse        |       |       |       |       |     1 ||     1
       Sacrifice Essence |       |       |       |       |     1 ||     1
       Sacrifice Arcana  |       |       |       |       |     1 ||     1
Evoke: Wand              |       |       |     1 |    24 |    34 ||    59
  Use: Scroll            |     4 |       |    10 |    10 |     8 ||    32
       Potion            |       |     1 |       |    12 |     6 ||    19
 Stab: Sleeping          |     1 |     1 |     1 |     1 |       ||     4
       Distracted        |       |       |       |     2 |     1 ||     3
       Invisible         |       |       |       |     3 |     9 ||    12
       Paralysed         |       |       |       |       |     5 ||     5
  Eat: Chunk             |    19 |    12 |    45 |    62 |    71 ||   209
       Ration            |       |       |       |     2 |       ||     2
Armor: Robe              |    29 |    19 |    87 |   150 |   111 ||   396
       Skin              |       |     8 |       |       |     2 ||    10
Dodge: Dodged            |    45 |    57 |   158 |   392 |   377 ||  1029
Block: Shield            |       |       |       |    15 |   107 ||   122

Table legend:
 A = Non-vault XP
 B = Vault XP
 C = Vault XP percentage of total XP
 D = Non-vault monster count
 E = Vault monster count
 F = Vault count percentage of total count
                 A         B        C        D         E       F
            +---------+---------+-------+---------+---------+-------
      Total |   73731 |   29122 |  28.3 |     475 |     155 |  24.6
            +---------+---------+-------+---------+---------+-------
        D:1 |      33 |       0 |   0.0 |      22 |       0 |   0.0
        D:2 |      35 |       0 |   0.0 |      11 |       0 |   0.0
        D:3 |     352 |     171 |  32.7 |      22 |      28 |  56.0
        D:4 |     316 |     277 |  46.7 |      10 |       1 |   9.1
        D:5 |     757 |      82 |   9.8 |      25 |       9 |  26.5
        D:6 |    1193 |     203 |  14.5 |      31 |       1 |   3.1
        D:7 |     463 |       0 |   0.0 |       3 |       0 |   0.0
        D:8 |    1511 |     119 |   7.3 |      36 |       1 |   2.7
        D:9 |     873 |    4646 |  84.2 |      17 |      27 |  61.4
       D:10 |    2122 |    3845 |  64.4 |      29 |      31 |  51.7
       D:11 |    4082 |       0 |   0.0 |      26 |       0 |   0.0
       D:12 |    3175 |       0 |   0.0 |      20 |       0 |   0.0
       D:13 |    7506 |    2127 |  22.1 |      26 |       4 |  13.3
       D:14 |    6456 |       0 |   0.0 |      21 |       0 |   0.0
     Lair:1 |    4811 |    2081 |  30.2 |      21 |       9 |  30.0
     Lair:2 |    6965 |    4180 |  37.5 |      30 |       5 |  14.3
     Lair:3 |    2236 |       0 |   0.0 |      13 |       0 |   0.0
     Lair:4 |    4730 |    3009 |  38.9 |      12 |       3 |  20.0
     Lair:5 |    6407 |       0 |   0.0 |      21 |       0 |   0.0
     Lair:6 |   13432 |    7028 |  34.3 |      47 |      33 |  41.2
      Orc:1 |    5895 |     312 |   5.0 |      27 |       1 |   3.6
      Orc:2 |     381 |    1042 |  73.2 |       5 |       2 |  28.6
            +---------+---------+-------+---------+---------+-------
